AoeStats
← :::::Will:::::

Four Lakes

507534685Analyzed
1v1 RM · 15d ago on Sep 18, 2026· 64m 48s· 2 players
Game mode
Random Map
Map size
Tiny (2 player)
Population
200
Speed
Normal
Resources
Standard
Victory
Conquest
Starting age
Dark Age
Ending age
Imperial Age
RankedLock teamsTeams togetherTeam positionsShared explorationLock speedFull tech treeHidden civsTurbo modeCheats
Victory
Defeat
🇵🇾 Tatars · Paraguay
478
+15
🇦🇷 Franks · Argentina
451
-15
balduinoIV
13:27 Feudal Age
15:00 Wheelbarrow
14:34 Double-Bit Axe
21:27 Castle Age
23:59 Husbandry
28:00 Scale Barding Armor
32:20 Hand Cart
36:45 Elite Skirmisher
38:27 Padded Archer Armor
38:18 Fletching
38:49 Chain Barding Armor
38:40 Forging
38:45 Gold Mining
44:50 Imperial Age
46:14 Cavalier
55:04 Plate Barding Armor
55:05 Iron Casting
54:27 Bodkin Arrow
54:48 Leather Archer Armor
57:19 Paladin
:::::Will:::::
4:41 Loom
11:11 Feudal Age
11:53 Double-Bit Axe
12:04 Arson
12:25 Man-at-Arms
14:07 Wheelbarrow
13:53 Forging
13:58 Town Watch
14:00 Horse Collar
17:59 Gold Mining
25:37 Castle Age
23:48 Fletching
26:40 Bow Saw
26:25 Crossbowman
27:12 Padded Archer Armor
27:10 Bodkin Arrow
27:08 Pikeman
28:37 Squires
29:30 Long Swordsman
32:44 Husbandry
33:55 Scale Barding Armor
34:28 Iron Casting
35:45 Scale Mail Armor
37:38 Heavy Plow
38:19 Ballistics
40:15 Hand Cart
41:42 Silk Armor
43:25 Treadmill Crane
49:30 Imperial Age
49:47 Scale Barding Armor
49:43 Padded Archer Armor
50:40 Conscription
50:45 Timurid Siegecraft
54:34 Conscription
54:49 Heavy Camel Rider
56:09 Cavalier
57:06 Bloodlines
58:19 Gold Shaft Mining
58:00 Bracer
59:01 Blast Furnace
58:22 Chain Barding Armor
58:56 Crop Rotation
64:21 Capped Ram
Connection lost

Rejoining the realm…

Still unreachable

The connection could not be restored.

Session expired

The server has moved on; the page needs a fresh start.